 Dungeon Crawl Stone Soup version 0.26.0-3-g156281e41b (webtiles) character file.

Game seed: 6273331957877603896

74 EnegeticOcto the Shield-Bearer (level 4, -3/42 HPs)
             Began as a Deep Dwarf Fighter on Jan 9, 2021.
             Slain by an iguana (6 damage)
             ... on level 6 of the Dungeon.
             The game lasted 00:00:29 (842 turns).

EnegeticOcto the Shield-Bearer (Deep Dwarf Fighter)  Turns: 842, Time: 00:00:30

Health: -3/42      AC:  7    Str: 21    XL:     4   Next: 9%
Magic:  4/4        EV:  7    Int:  8    God:
Gold:   78         SH:  9    Dex: 12    Spells: 3/3 levels left

rFire    . . .     SeeInvis .   a - +0 war axe
rCold    . . .     Faith    .   c - +0 kite shield
rNeg     . . .     Spirit   .   b - +0 scale mail
rPois    .         Reflect  .   (no helmet)
rElec    .         Harm     .   (no cloak)
rCorr    .         Rampage  .   (no gloves)
Will     .....                  (no boots)
Stlth    ..........             (no amulet)
HPRegen  0.00/turn              (no ring)
MPRegen  0.09/turn              (no ring)

@: mesmerised, non-regenerating
A: damage resistance, heal wounds, sense surroundings 1, no regeneration
a: Heal Wounds


You were on level 6 of the Dungeon.
You visited 1 branch of the dungeon, and saw 4 of its levels.

You collected 78 gold pieces.

Inventory:

Hand Weapons
 a - a +0 war axe (weapon)
Armour
 b - a +0 scale mail (worn)
 c - a +0 kite shield (worn)
Jewellery
 f - an uncursed ring of magical power {unknown}
Scrolls
 e - 3 scrolls of enchant armour {unknown}
 i - 3 scrolls of identify {unknown}
 j - a scroll of amnesia {unknown}
 l - a scroll of enchant weapon {unknown}
 n - a scroll of remove curse {unknown}
 q - a scroll of fog {unknown}
Potions
 d - a potion of might {@q3}
 g - a potion of berserk rage {unknown}
 h - 4 potions of brilliance {unknown}
 k - a potion of flight {unknown}
 m - a potion of curing {unknown}
 o - a potion of ambrosia {unknown}
 p - a potion of attraction {unknown}


   Skills:
 + Level 3.1 Fighting
 * Level 3.5 Axes
 + Level 3.8 Armour
 + Level 3.8 Shields


You had 3 spell levels left.
You didn't know any spells.
Your spell library was empty.

Dungeon Overview and Level Annotations

Branches:
Dungeon (3/15)

Altars:
Elyvilon

Annotations:
D:6 Maggie


Innate Abilities, Weirdness & Mutations

You are resistant to damage.
You can heal yourself by infusing magical energy.
You passively map a small area around you.
You do not regenerate.


Message History

Things that are here:
a +0 club; a hobgoblin corpse
q - a scroll labelled OZAMISUNY
Found a white marble altar of Elyvilon.
Found an escape hatch in the floor.
No target in view!
No target in view!
No target in view!
No target in view!
No target in view!
No target in view!
No target in view!
No target in view!
No target in view!
No target in view!
No target in view!
No target in view!
No target in view!
No target in view!
No target in view!
No target in view!
No target in view!
No target in view!
You fall into a shaft and drop 3 floors!
The shaft crumbles and collapses.
Found a scroll labelled YPLIRGHIMU and a robe.
Found a stone staircase leading down.
e - 3 scrolls labelled YPLIRGHIMU (gained 1)
Things that are here:
a robe; a ring mail A quokka comes into view.
A quokka is nearby!
A quokka is nearby!
A quokka is nearby!
A quokka is nearby!
Found 10 gold pieces.
You hit the quokka.
The quokka is heavily wounded.
The quokka bites you but does no damage.
You block the quokka's attack.
You hit the quokka.
You kill the quokka!
No target in view!
No target in view!
No target in view!
No target in view!
No target in view!
No target in view!
No target in view!
No target in view!
No target in view!
No target in view!
An orc and Maggie come into view.
Maggie shouts!
You hear an angry hiss.
There are monsters nearby!
There are monsters nearby!
There are monsters nearby!
An iguana comes into view.
The iguana hisses angrily.
A jelly comes into view.
Maggie casts a spell.
Maggie attempts to bespell you!
You are mesmerised by Maggie!
An orc warrior comes into view. It is wielding a +0 glaive.
The orc warrior shouts!
Maggie mumbles the words to a spell, but in the wrong order.
You block Maggie's attack. Maggie gestures at you while chanting.
The bolt of fire hits you!
You hit Maggie.
Maggie is lightly wounded.
Maggie hits you with a +0 glaive!
You are too injured to fight recklessly!
You are too injured to fight recklessly!
You are too injured to fight recklessly!
You are too injured to fight recklessly!
You are too injured to fight recklessly!
You are too injured to fight recklessly!
You are too injured to fight recklessly!
You are too injured to fight recklessly!
You are too injured to fight recklessly!
You fail to use your ability.
Maggie hits you but does no damage. You block the jelly's attack.
The iguana bites you!
* * * LOW HITPOINT WARNING * * *
You are too injured to fight recklessly!
You are too injured to fight recklessly!
You are too injured to fight recklessly!
You are too injured to fight recklessly!
You are too injured to fight recklessly!
You are too injured to fight recklessly!
You are too injured to fight recklessly!
You are too injured to fight recklessly!
You are too injured to fight recklessly!
You block the jelly's attack.
A worker ant comes into view.
The iguana bites you.
* * * LOW HITPOINT WARNING * * *
The orc closely misses you. You block Maggie's attack.
You block the orc warrior's attack. The jelly hits you but does no damage.
The iguana bites you!
You die...

####.## , #.....#
##.##.## * *
##...### ,
#.....#####.# * *
#.........?.#.
##.....####.... *
*,........#.l...#
, , ,
.......o$@JoB#...
*
##########@.#.#*
, * ..# .# ....*
, *#.... #..... *
*#.... *####* *


You could see Maggie (mesmerising), an orc warrior, an iguana, a jelly, a worker
ant and an orc.

Vanquished Creatures
  4 gnolls (D:2)
  A dart slug (D:1)
  3 bats
  4 giant cockroaches
  5 goblins
  4 hobgoblins
  2 kobolds
  2 quokkas
  2 frilled lizards
  6 rats
33 creatures vanquished.

Notes
Turn   | Place    | Note
-------+----------+-------------------------------------------
     0 | D:1      | EnegeticOcto the Deep Dwarf Fighter began the quest for the
                  | Orb.
     0 | D:1      | Reached XP level 1. HP: 20/20 MP: 1/1
   267 | D:1      | Reached XP level 2. HP: 25/27 MP: 2/2
   561 | D:2      | Reached XP level 3. HP: 14/34 MP: 3/3
   570 | D:2      | Reached XP level 4. HP: 31/42 MP: 4/4
   800 | D:3      | Found a white marble altar of Elyvilon.
   801 | D:3      | You fall into a shaft and drop 3 floors!
   835 | D:6      | Noticed Maggie
   836 | D:6      | Noticed an orc warrior
   842 | D:6      | Slain by an iguana

Illustrated notes

Levels and vault maps discovered:
D:1:      sevenhm_arrival_forest_fort_small_5, layout_rooms, lemuel_old_faithful
D:2:      layout_loops_ring, yredelemnul_forgotten_temple_becter,
          lightli_temple_of_fire, bloody_makhleb, nicolae_tso_carved_into_rock,
          minmay_pentomino_s4
D:3:      minmay_door_path, layout_basic, lemuel_coloured_pillars_altar,
          general_overflow_altar, nrook_mini_backslash
D:6:      layout_loops_ring, fedhas_altar_4, minmay_manual_mess, uniq_maggie,
          uniq_edmund

Skill      XL: |  1  2 |
---------------+-------+-----
Fighting       | 3 |  3.1
Axes           | 3 |  3.5
Armour         | |  3.8
Shields        | |  3.8

Action                   |  1- 3 |  4- 6 || total
-------------------------+-------+-------++-------
Melee: War axe           |    69 |    14 ||    83
 Abil: Heal Wounds       |     2 |       ||     2
Armor: Scale mail        |    37 |     5 ||    42
Dodge: Dodged            |    29 |     4 ||    33
Block: Kite shield       |    40 |    11 ||    51
